 Dungeon Crawl Stone Soup version 0.21.1-1-g345015f (webtiles) character file.

13143 Inus the Thaumaturge (level 12, -2/90 HPs)
             Began as a Formicid Earth Elementalist on May 16, 2018.
             Was a Believer of Vehumet.
             Slain by a minotaur
             ... wielding the +10 quarterstaff "Ataytuwk" {freeze, rN+}
              (11 damage)
             ... in a labyrinth on May 17, 2018.
             The game lasted 00:36:35 (11813 turns).

Inus the Thaumaturge (Formicid Earth Elementalist) Turns: 11813, Time: 00:36:36

Health: -2/90      AC: 22    Str: 27    XL:     12   Next: 29%
Magic:  26/27      EV: 12    Int: 29    God:    Vehumet [**....]
Gold:   489        SH:  6    Dex: 17    Spells: 20/33 levels left

rFire    . . .     SeeInvis +   A - +6 falchion of the Mushroom {freeze, rPois Str+4 Dex+4}
rCold    . . .     Gourm    .   z - +0 buckler
rNeg     . . .     Faith    .   E - +2 ring mail of Midnight {+Inv MR++ Str+4 Dex+2}
rPois    +         Spirit   .   (helmet unavailable)
rElec    .         Reflect  .   r - +1 cloak
rCorr    .         Harm     .   a - +2 pair of gloves
MR       +++..                  n - +0 pair of boots
Stlth    ++........             (no amulet)
HPRegen  0.25/turn              o - +2 ring of protection
MPRegen  0.20/turn              s - +5 ring of intelligence

@: mighty, brilliant
A: permanent stasis, dig shafts and tunnels, four strong arms, antennae 3,
rugged brown scales 1, yellow scales 1
a: Dig, Shaft Self, Renounce Religion, Evoke Invisibility


You were in a labyrinth.
You worshipped Vehumet.
Vehumet was pleased with you.
You were not hungry.

You visited 3 branches of the dungeon, and saw 13 of its levels.
You also visited: Labyrinth.

You collected 670 gold pieces.
You spent 181 gold pieces at shops.

Inventory:

Hand Weapons
 A - the +6 falchion of the Mushroom (weapon) {freeze, rPois Str+4 Dex+4}
   (You found it on level 8 of the Dungeon)

   It has been specially enchanted to freeze those struck by it, causing extra
   injury to most foes and up to half again as much damage against particularly
   susceptible opponents.
   It can also slow down cold-blooded creatures.
   It affects your strength (+4).
   It affects your dexterity (+4).
   It protects you from poison.
Missiles
 b - 126 stones (quivered)
Armour
 a - a +2 pair of gloves (worn)
 f - a +2 chain mail of cold resistance
 h - a cursed +0 shield
 n - a +0 pair of boots (worn)
 r - a +1 cloak (worn)
 z - a +0 buckler (worn)
 C - a +0 ring mail of fire resistance
 E - the +2 ring mail of Midnight (worn) {+Inv MR++ Str+4 Dex+2}
   (You found it on level 10 of the Dungeon)

   It affects your strength (+4).
   It affects your dexterity (+2).
   It affects your resistance to hostile enchantments.
   It lets you turn invisible.
Magical Staves
 y - an uncursed staff of power
Jewellery
 i - an uncursed ring of poison resistance {unknown}
 o - a +2 ring of protection (left hand)
 s - a +5 ring of intelligence (right hand)
 t - an uncursed ring of protection from magic {unknown}
 D - an uncursed ring of positive energy {unknown}
 H - an uncursed amulet of guardian spirit {unknown}
Wands
 j - a wand of flame (30)
 p - a wand of random effects (28)
 u - a wand of iceblast (24)
Scrolls
 g - 4 scrolls of remove curse
 k - 2 scrolls of enchant weapon
 l - a scroll of fog
 m - a scroll of magic mapping
 I - 2 scrolls of fear {unknown}
 J - a scroll of vulnerability {unknown}
Potions
 c - 2 potions of might
 q - a potion of brilliance
 v - 2 potions of flight
 w - a potion of lignification
Books
 e - a book of Geomancy

   Spells                             Type                      Level
   a - Sandblast                      Earth                        1
   b - Passwall                       Transmutation/Earth          2
   c - Stone Arrow                    Conjuration/Earth            3
   d - Petrify                        Transmutation/Earth          4
   e - Lee's Rapid Deconstruction     Earth                        5
Comestibles
 d - 25 rations


   Skills:
 - Level 6.1 Fighting
 - Level 11.0 Armour
 - Level 1.7 Dodging
 - Level 2.4 Stealth
 - Level 6.2 Shields
 - Level 11.1 Spellcasting
 - Level 1.1 Transmutations
 + Level 11.0 Earth Magic


You had 20 spell levels left.
You knew the following spells:

 Your Spells              Type           Power        Failure   Level  Hunger
a - Sandblast             Erth           ######       1%          1    None
b - Stone Arrow           Conj/Erth      ######       1%          3    None
c - Lee's Rapid Deconstr  Erth           #######...   1%          5    ###....
d - Petrify               Tmut/Erth      ######..     1%          4    None


Dungeon Overview and Level Annotations

Branches:
Dungeon (10/15)            Temple (1/1) D:7            Lair (2/6) D:10
  Swamp (0/4) Lair:2          Orc (0/2) D:10
  Snake: Lair:2-4    Spider: Lair:2-4

Altars:
Ashenzari
Cheibriados
Dithmenos
Elyvilon
Fedhas
Gozag
Hepliaklqana
Kikubaaqudgha
Makhleb
Nemelex Xobeh
Okawaru
Qazlal
Ru
Sif Muna
Trog
Uskayaw
Vehumet
Wu Jian
Xom
Yredelemnul
Zin
The Shining One

Shops:
D:6 *   D:7 [


Innate Abilities, Weirdness & Mutations

You cannot be hasted, slowed, berserked, paralysed or teleported.
You can dig through walls and to a lower floor.
Your four strong arms can wield two-handed weapons with a shield.
You have a pair of large antennae on your head. (SInv)
You are partially covered in rugged brown scales. (AC +1, +3% HP)
You are partially covered in yellow scales. (AC +2)


Message History

You hit the minotaur. You freeze the minotaur.
The minotaur is almost dead.
The minotaur closely misses you.
The minotaur gores you but does no damage.
You hit the minotaur but do no damage.
The minotaur is almost dead.
The minotaur hits you with a crude quarterstaff {freeze}.
* * * LOW HITPOINT WARNING * * *
The minotaur freezes you.
* * * LOW HITPOINT WARNING * * *
The minotaur gores you but does no damage.
The minotaur hits you with a crude quarterstaff {freeze}.
* * * LOW HITPOINT WARNING * * *
The minotaur freezes you.
* * * LOW HITPOINT WARNING * * *
The minotaur gores you but does no damage.
You barely miss the minotaur.
The minotaur is almost dead.
You block the minotaur's attack. The minotaur gores you!
You die...

# ....#
.. # # #
# #
#.....# #
# #.# .
## . .
.#. ...#
... .. ..
#######.#
#
#.....#.
. # ###@#
.# .# #H#
# # #
#.#.# # #
#.#. #.#
..# # #
#####.#
#... .. #
#########


You could see a minotaur.

Vanquished Creatures
  A two-headed ogre (D:8)
  Joseph (D:7)
  A gargoyle (D:10)
  6 spiny frogs (Lair:1)
  A komodo dragon (Lair:1)
  3 hippogriffs (Lair:1)
  The ghost of weezle the Shield-Bearer, an amateur GrFi (D:4)
  Sigmund (D:5)
  2 shadows (Lab)
  2 wyverns
  A redback (Lab)
  11 yaks
  A human (D:8)
  3 hogs (D:8)
  A steam dragon (D:8)
  Grum (D:8)
  2 hungry ghosts
  Menkaure (D:4)
  Duvessa (D:4)
  A water moccasin (Lair:1)
  3 porcupines (Lair:1)
  2 orc warriors (D:6)
  A black bear (D:10)
  2 sky beasts
  2 ice beasts
  6 ogres
  A hornet zombie (D:8)
  2 wolves (D:8)
  6 centaurs
  4 crocodiles
  Blork the orc (D:4)
  8 bullfrogs
  Dowan (D:4)
  3 scorpions
  5 killer bees
  An electric eel (Lair:2)
  3 wights (D:8)
  4 howler monkeys
  5 crimson imps
  4 jellies
  8 hounds
  Crazy Yiuf (D:4)
  A centaur skeleton (D:10)
  3 orc priests
  9 orc wizards
  Jessica (D:2)
  A bullfrog skeleton (D:9)
  Terence (D:3)
  3 iguanas
  9 worker ants
  3 worker ant zombies
  3 gnolls (D:5)
  10 adders
  2 adder zombies
  2 adder skeletons
  3 worms
  3 dart slugs
  5 leopard geckos
  31 orcs
  2 ball pythons
  8 giant cockroaches
  11 goblins
  5 hobgoblins
  5 kobolds
  2 quokkas (D:7)
  3 bats (D:3)
  4 frilled lizards
  A jackal skeleton (D:4)
  A leopard gecko skeleton (D:6)
  A quokka skeleton (D:4)
  11 rats
  A plant (D:10)
260 creatures vanquished.

Vanquished Creatures (others)
  A plant (Lair:1)
1 creature vanquished.

Grand Total: 261 creatures vanquished

Notes
Turn   | Place    | Note
-------+----------+-------------------------------------------
     0 | D:1      | Inus the Formicid Earth Elementalist began the quest for the Orb.
     0 | D:1      | Reached XP level 1. HP: 13/13 MP: 3/3
   152 | D:1      | Reached XP level 2. HP: 14/19 MP: 1/5
   608 | D:1      | Reached XP level 3. HP: 24/24 MP: 7/7
   759 | D:1      | Learned a level 3 spell: Stone Arrow
   769 | D:2      | Noticed Jessica
   783 | D:2      | Killed Jessica
   783 | D:2      | Reached XP level 4. HP: 20/30 MP: 4/8
  1130 | D:2      | Reached XP level 5. HP: 30/35 MP: 7/9
  1512 | D:2      | Found a glowing golden altar of the Shining One.
  1720 | D:3      | Found a shimmering altar of Xom.
  1728 | D:3      | Noticed an ogre
  1749 | D:3      | Reached skill level 1 in Fighting
  1839 | D:3      | Killed an ogre
  1839 | D:3      | Reached XP level 6. HP: 39/48 MP: 4/10
  1892 | D:3      | Found a shattered altar of Ashenzari.
  1926 | D:3      | Noticed Terence
  1938 | D:3      | Killed Terence
  2165 | D:4      | Noticed Duvessa
  2165 | D:4      | Noticed Dowan
  2204 | D:4      | Noticed weezle's ghost (amateur GrFi)
  2219 | D:3      | Gained mutation: You are agile. (Dex +2) [potion of mutation]
  2219 | D:3      | Gained mutation: You are partially covered in yellow scales. (AC +2) [potion of mutation]
  2219 | D:3      | Lost mutation: You are agile. (Dex +2) [potion of mutation]
  2219 | D:3      | Gained mutation: You are partially covered in rugged brown scales. (AC +1, +3% HP) [potion of mutation]
  2241 | D:4      | Killed weezle's ghost
  2241 | D:4      | Reached skill level 5 in Fighting
  2241 | D:4      | Reached XP level 7. HP: 26/57 MP: 11/11
  2503 | D:4      | Reached skill level 5 in Earth Magic
  2559 | D:4      | Killed Dowan
  2573 | D:4      | Killed Duvessa
  2573 | D:4      | Reached XP level 8. HP: 8/65 MP: 1/12
  2920 | D:4      | Found a runed door.
  3007 | D:4      | Noticed Blork the orc
  3009 | D:4      | Noticed Menkaure
  3011 | D:4      | Killed Blork the orc
  3287 | D:4      | Killed Menkaure
  3828 | D:4      | Learned a level 5 spell: Lee's Rapid Deconstruction
  3853 | D:4      | Noticed Crazy Yiuf
  3856 | D:4      | Killed Crazy Yiuf
  3944 | D:4      | Learned a level 4 spell: Petrify
  3945 | D:5      | Entered Level 5 of the Dungeon
  4391 | D:5      | Reached skill level 5 in Spellcasting
  4591 | D:5      | Noticed Sigmund
  4598 | D:5      | Killed Sigmund
  4598 | D:5      | Reached XP level 9. HP: 68/71 MP: 11/16
  4800 | D:6      | Reached skill level 5 in Shields
  4884 | D:6      | Found Kuumul's General Store.
  4891 | D:6      | Bought a +2 pair of gloves for 181 gold pieces
  5050 | D:6      | Reached skill level 5 in Armour
  5328 | D:7      | Noticed Joseph
  5939 | D:7      | Found Wegidol's Armour Shoppe.
  5941 | D:7      | Killed Joseph
  6070 | D:7      | Reached XP level 10. HP: 78/78 MP: 17/17
  6469 | D:7      | Found a staircase to the Ecumenical Temple.
  6542 | Temple   | Entered the Ecumenical Temple
  6958 | D:8      | Noticed a two-headed ogre
  6981 | D:8      | Killed a two-headed ogre
  6981 | D:8      | Reached skill level 10 in Armour
  7192 | D:8      | Noticed Grum
  7213 | D:8      | Killed Grum
  7937 | D:8      | Got an encrusted falchion
  7938 | D:8      | Identified the +6 falchion of the Mushroom {freeze, rPois Str+4 Dex+4} (You found it on level 8 of the Dungeon)
  7963 | D:8      | Reached XP level 11. HP: 47/83 MP: 13/18
  8014 | D:8      | Reached skill level 10 in Earth Magic
  8540 | D:9      | Found a shadowy altar of Dithmenos.
  8568 | D:9      | Found a radiant altar of Vehumet.
  8568 | D:9      | Found a sacrificial altar of Ru.
  8568 | D:9      | Found an ornate altar of the Wu Jian Council.
  8569 | D:9      | Found a snail-covered altar of Cheibriados.
  8571 | D:9      | Found a basalt altar of Yredelemnul.
  8576 | D:9      | Became a worshipper of Vehumet
  9393 | D:10     | Entered Level 10 of the Dungeon
  9393 | D:10     | Found a staircase to the Orcish Mines.
  9681 | D:10     | Found a staircase to the Lair.
  9730 | D:10     | Reached * piety under Vehumet
  9730 | D:10     | Offered knowledge of Flame Tongue by Vehumet.
  9853 | D:10     | Got a faintly humming ring mail
  9864 | D:10     | Identified the +2 ring mail of Midnight {+Inv MR++ Str+4 Dex+2} (You found it on level 10 of the Dungeon)
 10581 | Lair:1   | Entered Level 1 of the Lair of Beasts
 10789 | Lair:1   | Reached skill level 10 in Spellcasting
 10809 | Lair:1   | Reached XP level 12. HP: 58/90 MP: 5/26
 10811 | Lair:1   | Reached ** piety under Vehumet
 10811 | Lair:1   | Offered knowledge of Searing Ray by Vehumet.
 11620 | Lair:2   | Found a labyrinth entrance.
 11627 | Lab      | Entered a labyrinth
 11804 | Lab      | Noticed a minotaur
 11813 | Lab      | Identified the +10 quarterstaff "Ataytuwk" {freeze, rN+}
 11813 | Lab      | Slain by a minotaur

Skill      XL: |  1  2  3  4  5  6  7  8  9 10 11 12 |
---------------+-------------------------------------+-----
Earth Magic    | 4 6 8 9 10 11 | 11.0
Spellcasting   | 3 5 10 11 | 11.1
Armour         | 2 3 4 7 11 | 11.0
Fighting       | 3 5 6 |  6.1
Shields        | 3 6 |  6.2
Dodging        | |  1.7
Stealth        | |  2.4
Transmutations | |  1.1

Action                   |  1- 3 |  4- 6 |  7- 9 | 10-12 || total
-------------------------+-------+-------+-------+-------++-------
Melee: Dagger            |    46 |   134 |       |       ||   180
       Unarmed           |     1 |       |       |       ||     1
       Flail             |       |    18 |   160 |   230 ||   408
       Falchion          |       |       |       |   208 ||   208
 Cast: Sandblast         |     9 |    33 |    94 |    15 ||   151
       Stone Arrow       |       |       |     8 |    47 ||    55
       Lee's Rapid Decon |       |       |       |    25 ||    25
  Use: Potion            |       |     7 |     4 |     8 ||    19
       Scroll            |       |       |     9 |     2 ||    11
 Stab: Sleeping          |     3 |     3 |     1 |     4 ||    11
       Distracted        |       |       |       |     1 ||     1
  Eat: Chunk             |       |     4 |    13 |    20 ||    37
       Ration            |       |       |       |     3 ||     3
Armor: Robe              |     4 |       |       |       ||     4
       Ring mail         |       |    53 |   141 |   165 ||   359
       Chain mail        |       |       |       |    46 ||    46
       Steam dragon scal |       |       |       |    57 ||    57
Dodge: Dodged            |    13 |    81 |   143 |   225 ||   462
Block: Buckler           |       |       |    10 |   145 ||   155
       Rpst.: Falchion   |       |       |       |    35 ||    35
